 Dungeon Crawl Stone Soup version 0.19.0 (webtiles) character file.

641 CanadianGator the Ducker (level 7, -1/47 HPs)
             Began as an Octopode Fighter on Nov 22, 2016.
             Slain by a phantom (9 damage)
             ... on level 4 of the Dungeon.
             The game lasted 00:08:16 (2681 turns).

CanadianGator the Ducker (Octopode Fighter)         Turns: 2681, Time: 00:08:16

Health: -1/47      AC:  1    Str: 15    XL:     7   Next: 51%
Magic:  8/8        EV: 13    Int: 11    God:
Gold:   291        SH:  9    Dex: 13    Spells: 0 memorised, 6 levels left

rFire  . . .     SeeInvis .       - Unarmed
rCold  . . .     Gourm    .     a - +0 shield
rNeg   . . .     Faith    .     (helmet restricted)
rPois  +         Spirit   .     e - amulet of rage
rElec  .         Reflect  .     d - ring of flight
rCorr  .         Harm     .     h - ring of stealth
MR     .....                    m - ring of poison resistance
Stlth  ++++......               (no ring)
                                (no ring)
                                (no ring)
                                (no ring)
                                (no ring)

@: flying
A: almost no armour, stealthy swim, amphibious, 8 rings, constrict 8, camouflage
1, gelatinous body 1
a: Evoke Berserk Rage


You were on level 4 of the Dungeon.
You were very hungry.

You visited 1 branch of the dungeon, and saw 4 of its levels.

You collected 291 gold pieces.

Inventory:

Armour
 a - a +0 shield (worn)
Jewellery
 d - a ring of flight (left tentacle)
 e - an amulet of rage (around mantle)
 h - a ring of stealth (right tentacle)
 m - a ring of poison resistance (on tentacle)
Wands
 r - a wand of acid (5/15)
 A - a wand of flame (33/48)
Scrolls
 b - 2 scrolls of identify {unknown}
 i - a scroll of fog {unknown}
 j - a scroll of fear {unknown}
 l - a scroll of enchant armour {unknown}
 n - 3 scrolls of remove curse {unknown}
 q - a scroll of blinking {unknown}
 u - a scroll of amnesia {unknown}
 y - a scroll of magic mapping {unknown}
Potions
 f - a potion of flight
 g - a potion of degeneration {unknown}
 k - 4 potions of invisibility {unknown}
 p - 2 potions of lignification {unknown}
 s - 2 potions of heal wounds {unknown}
 v - a potion of curing {unknown}
 w - a potion of ambrosia {unknown}
 x - a potion of resistance {unknown}
 B - a potion of brilliance {unknown}
 D - 2 potions of might
Books
 z - a book of Changes

   Spells                             Type                      Level
   a - Beastly Appendage              Transmutation                1
   b - Sticks to Snakes               Transmutation                2
   c - Spider Form                    Transmutation/Poison         3
   d - Ice Form                       Ice/Transmutation            4
   e - Blade Hands                    Transmutation                5
 C - a book of Cantrips

   Spells                             Type                      Level
   a - Confusing Touch                Hexes                        1
   b - Animate Skeleton               Necromancy                   1
   c - Summon Small Mammal            Summoning                    1
   d - Apportation                    Translocation                1
Comestibles
 c - 5 bread rations
 o - 4 fruits
 t - 2 meat rations


   Skills:
 + Level 3.9 Fighting
 * Level 5.0 Dodging
 + Level 3.1 Stealth
 * Level 4.8 Shields
 * Level 4.0 Unarmed Combat
 + Level 0.1 Spellcasting
 + Level 2.1 Evocations


You had 6 spell levels left.
You didn't know any spells.

Dungeon Overview and Level Annotations

Branches:
Dungeon (4/15)
 Temple: D:4-7

Altars:


Innate Abilities, Weirdness & Mutations

You cannot wear most types of armour.
You are very stealthy in the water. (Stealth+)
You are amphibious.
You can wear up to eight rings at the same time.
You can use your tentacles to constrict eight enemies at once.
Your skin changes colour to match your surroundings (Stealth+).
Your rubbery body absorbs attacks. (AC +1, EV +1)


Message History

The phantom is moderately damaged.
The phantom hits you.
You tentacle-slap the phantom. Your squeeze misses the phantom.
The phantom is moderately damaged.
The phantom hits you.
You tentacle-slap the phantom but do no damage.
The phantom is moderately damaged.
You block the phantom's attack.
You tentacle-slap the phantom. Your squeeze misses the phantom.
The phantom is heavily damaged.
The phantom hits you!
* * * LOW HITPOINT WARNING * * *
You are too injured to fight recklessly!
Okay, then.
The phantom hits you.
* * * LOW HITPOINT WARNING * * *
It was a potion of flight.
You feel very buoyant.
You fly up into the air.
The phantom hits you!
You die...

#......# #######..........#
#......# #................#
#......###.#####..........#
...........# ####.#..####
#####......# ##.##....#
...##..###.# #..#####.##
<..###..##.### #.## #..#
....###.##...#####.# ##.#
.##......###....@..# ##.####
...####...####..W..# #.....###
...# #.#..........######.......#
...## #.####.#................#..
....# #.# #.#.....#.####.....#..
###.###.####.#.....#......#####..
###..........########....## #.#
..##.....##....# # #.#.##### #..
............##. ....#....a###.#


You could see a phantom.

Vanquished Creatures
  The ghost of CanadianGator the Ducker, an amateur OpFi (D:3)
  2 scorpions (D:4)
  A water moccasin skeleton (D:4)
  A howler monkey (D:4)
  2 hounds (D:4)
  An orc priest (D:4)
  4 orc wizards (D:4)
  A worker ant (D:4)
  8 adders
  An ooze (D:4)
  An adder skeleton (D:4)
  2 worms
  9 orcs
  3 bats
  3 giant cockroaches
  5 hobgoblins
  7 jackals
  4 quokkas
  A ball python (D:3)
  3 frilled lizards
  5 goblins
  A jackal skeleton (D:4)
  6 kobolds
  A leopard gecko skeleton (D:4)
  6 rats
79 creatures vanquished.

Vanquished Creatures (others)
  A goblin (D:1)
1 creature vanquished.

Grand Total: 80 creatures vanquished

Notes
Turn   | Place    | Note
-------+----------+-------------------------------------------
     0 | D:1      | CanadianGator the Octopode Fighter began the quest for the Orb.
     0 | D:1      | Reached XP level 1. HP: 16/16 MP: 1/1
   555 | D:1      | Reached XP level 2. HP: 21/21 MP: 2/2
   787 | D:2      | Reached XP level 3. HP: 16/26 MP: 3/3
  1342 | D:2      | Reached XP level 4. HP: 30/31 MP: 4/4
  1554 | D:3      | Noticed CanadianGator's ghost (amateur OpFi)
  1572 | D:3      | Killed CanadianGator's ghost
  1572 | D:3      | Reached skill level 1 in Stealth
  1572 | D:3      | Reached skill level 1 in Evocations
  1572 | D:3      | Reached XP level 5. HP: 29/36 MP: 5/5
  1579 | D:3      | Reached skill level 4 in Dodging
  1954 | D:4      | Reached XP level 6. HP: 42/42 MP: 5/7
  2021 | D:4      | Noticed a phantom
  2310 | D:4      | Reached XP level 7. HP: 37/47 MP: 8/8
  2597 | D:4      | Reached skill level 5 in Dodging
  2681 | D:4      | Slain by a phantom

Skill      XL: |  1  2  3  4  5  6  7 |
---------------+----------------------+-----
Stealth        | 1 2 3 |  3.1
Shields        | 4 |  4.8
Evocations     | 1 2 |  2.1
Dodging        | 4 5 |  5.0
Unarmed Combat | 3 4 |  4.0
Fighting       | |  3.9
Spellcasting   | |  0.1

Action                   |  1- 3 |  4- 6 |  7- 9 || total
-------------------------+-------+-------+-------++-------
Melee: Unarmed           |    64 |   105 |    36 ||   205
       Constrict         |    20 |    32 |     7 ||    59
       Tentacles         |    10 |    21 |     5 ||    36
       Punch             |       |     6 |     1 ||     7
 Abil: Evoke Berserk Rag |       |     2 |       ||     2
  Use: Potion            |     1 |       |     1 ||     2
 Stab: Sleeping          |     8 |    12 |     2 ||    22
  Eat: Chunk             |       |     6 |       ||     6
Armor: Skin              |     2 |     2 |     4 ||     8
Dodge: Dodged            |    27 |    49 |    27 ||   103
Block: Shield            |    30 |    38 |    28 ||    96
